 Dungeon Crawl Stone Soup version 0.23.2-40-g277498a001 (webtiles) character file.

Game seed: 14657368966760218853

90 Marnok the Charlatan (level 4, -2/35 HPs)
             Began as a Demigod Artificer on Oct 5, 2019.
             Slain by a hound (3 damage)
             ... on level 3 of the Dungeon.
             The game lasted 00:07:38 (3198 turns).

Marnok the Charlatan (Demigod Artificer)            Turns: 3198, Time: 00:07:38

Health: -2/35      AC:  6    Str: 22    XL:     4   Next: 11%
Magic:  9/9        EV: 12    Int: 15    God:
Gold:   113        SH:  0    Dex: 16    Spells: 3/3 levels left

rFire    . . .     SeeInvis .   a - +0 short sword
rCold    . . .     Gourm    .   (no shield)
rNeg     . . .     Faith    .   q - +1 ring mail (curse)
rPois    .         Spirit   .   i - +0 hat
rElec    .         Reflect  .   (no cloak)
rCorr    .         Harm     .   (no gloves)
MR       .....                  (no boots)
Stlth    +.........             (no amulet)
HPRegen  0.11/turn              (no ring)
MPRegen  0.11/turn              (no ring)

@: mighty
A: high mp 1
a: no special abilities


You were on level 3 of the Dungeon.
You were not hungry.

You visited 1 branch of the dungeon, and saw 5 of its levels.

You collected 113 gold pieces.

Inventory:

Hand Weapons
 a - a +0 short sword (weapon)
Armour
 b - a +0 leather armour
 i - a +0 hat (worn)
 q - a cursed +1 ring mail (worn)
Jewellery
 n - an uncursed ring of stealth {unknown}
Wands
 c - a wand of flame (15)
 d - a wand of enslavement (15)
 e - a wand of random effects (15)
Scrolls
 g - a scroll of remove curse
 k - 2 scrolls of magic mapping
 m - a scroll of identify
Potions
 j - a potion of might
 l - a potion of invisibility
 o - 2 potions of magic
Comestibles
 f - 6 rations


   Skills:
 + Level 1.1 Fighting
 + Level 1.8 Short Blades
 + Level 1.0 Armour
 + Level 2.3 Dodging
 + Level 1.2 Stealth
 + Level 3.5 Evocations


You had 3 spell levels left.
You didn't know any spells.
Your spell library was empty.

Dungeon Overview and Level Annotations

Branches:
Dungeon (5/15)
 Temple: D:4-7


Innate Abilities, Weirdness & Mutations

You have an increased reservoir of magic. (+10% MP)


Message History

The hound bites you but does no damage.
A kobold comes into view.
The hound barely misses you.
You feel very mighty all of a sudden.
The kobold shouts!
The hound misses you.
You puncture the hound!
The hound is almost dead.
The hound bites you.
* * * LOW HITPOINT WARNING * * *
The hound barely misses you.
You closely miss the hound.
The hound is almost dead.
The hound bites you but does no damage.
You closely miss the hound.
The hound is almost dead.
The hound bites you.
* * * LOW HITPOINT WARNING * * *
The hound bites you.
You die...

####### #.....# #.....#
#.....# .# #.....# #####
#.# . #...).# #.... .!#
.K
#.#####.....#######....
..#...
#KKlrh@...............>
....
..K######....#######.(..
..# #............... ..#
#............... ..#
#............##. ..#
#####........### ......
#........# #.##..
########## ... .


You could see a hound, a leopard gecko, 3 kobolds and a rat.

Vanquished Creatures
  A gnoll (D:1)
  An adder (D:3)
  2 oozes
  A worm (D:3)
  2 dart slugs (D:1)
  2 leopard geckos
  An orc (D:3)
  2 giant cockroaches (D:1)
  9 goblins
  6 hobgoblins
  3 jackals (D:3)
  2 kobolds
  A quokka (D:2)
  3 ball pythons
  8 bats
  4 frilled lizards
  4 rats
52 creatures vanquished.

Notes
Turn   | Place    | Note
-------+----------+-------------------------------------------
     0 | D:1      | Marnok the Demigod Artificer began the quest for the Orb.
     0 | D:1      | Reached XP level 1. HP: 15/15 MP: 5/5
   169 | D:1      | Reached skill level 1 in Short Blades
   169 | D:1      | Reached skill level 3 in Evocations
   169 | D:1      | Reached XP level 2. HP: 9/22 MP: 6/6
   845 | D:1      | Reached XP level 3. HP: 24/27 MP: 8/8
  1495 | D:2      | Reached skill level 1 in Stealth
  1664 | D:2      | Reached skill level 1 in Fighting
  2995 | D:3      | Found a radiant altar of Vehumet.
  3114 | D:5      | Entered Level 5 of the Dungeon
  3157 | D:3      | Reached skill level 1 in Armour
  3157 | D:3      | Reached XP level 4. HP: 31/35 MP: 9/9
  3198 | D:3      | HP: 1/35 [hound (3)]
  3198 | D:3      | Slain by a hound

Skill      XL: |  1  2  3 |
---------------+----------+-----
Short Blades   | 1 |  1.8
Evocations     | 3 |  3.5
Dodging        | 2 |  2.3
Stealth        | 1 |  1.2
Fighting       | 1 |  1.1
Armour         | 1 |  1.0

Action                   |  1- 3 |  4- 6 || total
-------------------------+-------+-------++-------
Melee: Short sword       |   203 |    27 ||   230
  Use: Potion            |     2 |     4 ||     6
       Scroll            |     2 |     1 ||     3
 Stab: Sleeping          |     5 |       ||     5
  Eat: Chunk             |     7 |       ||     7
Armor: Leather armour    |    45 |       ||    45
       Ring mail         |     1 |     5 ||     6
Dodge: Dodged            |   163 |    15 ||   178
